 Dungeon Crawl Stone Soup version 0.19.4-8-ga85b6b9 (webtiles) character file.

2438 galech the Fighter (level 9, 0/98 HPs)
             Began as an Ogre Fighter on Feb 14, 2017.
             Was a Believer of Okawaru.
             Slain by an orc warrior
             ... wielding a +0 mace
              (3 damage)
             ... on level 5 of the Dungeon.
             The game lasted 00:19:09 (8858 turns).

galech the Fighter (Ogre Fighter)                   Turns: 8858, Time: 00:19:10

Health: 0/98       AC:  3    Str: 26    XL:     9   Next: 49%
Magic:  9/9        EV: 11    Int:  7    God:    Okawaru [**....]
Gold:   589        SH: 10    Dex:  9    Spells: 0 memorised, 8 levels left

rFire  . . .     SeeInvis +     I - +5 mace
rCold  . . .     Gourm    .     b - +0 robe
rNeg   . . .     Faith    +     c - +0 shield
rPois  .         Spirit   .     (helmet restricted)
rElec  .         Reflect  .     (no cloak)
rCorr  .         Harm     .     (gloves unavailable)
MR     .....                    (boots unavailable)
Stlth  ++........               B - amulet of faith
                                E - ring of stealth
                                i - ring of see invisible

@: drained
A: unfitting armour, tough skin 1
a: Heroism, Renounce Religion


You were on level 5 of the Dungeon.
You worshipped Okawaru.
Okawaru was pleased with you.
You were not hungry.

You visited 2 branches of the dungeon, and saw 8 of its levels.

You collected 589 gold pieces.

Inventory:

Hand Weapons
 a - a +0 flail
 k - a +2 mace of holy wrath
 x - a +1 whip of electrocution
 I - a +5 mace (weapon)
 L - a +0 morningstar
Armour
 b - a +0 robe (worn)
 c - a +0 shield (worn)
Jewellery
 i - a ring of see invisible (left hand)
 B - an amulet of faith (around neck)
 C - an uncursed ring of teleportation
 E - a ring of stealth (right hand)
Wands
 j - a wand of acid (6/15)
 K - a wand of polymorph (7/24)
Scrolls
 e - 2 scrolls of enchant weapon {unknown}
 g - a scroll of teleportation {unknown}
 h - a scroll of enchant armour
 m - 4 scrolls of remove curse
 t - 3 scrolls of magic mapping
 y - 2 scrolls of amnesia {unknown}
 G - a scroll of immolation {unknown}
 H - a scroll of fog {unknown}
 J - 2 scrolls of blinking {unknown}
Potions
 d - 3 potions of might
 l - 2 potions of degeneration {unknown}
 n - a potion of flight {unknown}
 o - 4 potions of curing {unknown}
 p - a potion of cancellation {unknown}
 q - 2 potions of mutation {unknown}
 r - a potion of invisibility {unknown}
 u - a potion of agility {unknown}
 v - 2 potions of haste {unknown}
 z - a potion of magic {unknown}
 D - a potion of berserk rage {unknown}
 F - a potion of heal wounds {unknown}
Comestibles
 f - 4 bread rations
 s - 3 slices of pizza
 w - 4 meat rations
 A - 2 fruits


   Skills:
 + Level 9.3(8.6) Fighting
 + Level 8.1(7.4) Maces & Flails
 + Level 6.2(5.6) Dodging
 + Level 6.4(5.8) Shields


You had 8 spell levels left.
You didn't know any spells.

Dungeon Overview and Level Annotations

Branches:
Dungeon (7/15)             Temple (1/1) D:7

Altars:
Ashenzari
Cheibriados
Elyvilon
Fedhas
Gozag
Hepliaklqana
Kikubaaqudgha
Nemelex Xobeh
Okawaru
Qazlal
Ru
Sif Muna
Trog
Uskayaw
Vehumet
Yredelemnul
Zin
The Shining One
Lugonu

Shops:
D:4 *


Innate Abilities, Weirdness & Mutations

You are too large for most types of armour.
You have tough skin. (AC +1)


Message History

You hit the orc warrior but do no damage.
The orc warrior hits you with a mace!!
* * * LOW HITPOINT WARNING * * *
You sock the orc warrior!
The orc warrior is heavily wounded.
You completely miss the orc warrior.
The orc warrior is heavily wounded.
The orc warrior hits you with a mace!
* * * LOW HITPOINT WARNING * * *
You hit the orc warrior but do no damage.
The orc warrior is heavily wounded.
You block the orc warrior's attack.
You closely miss the orc warrior.
The orc warrior is heavily wounded.
The orc warrior hits you with a mace!
* * * LOW HITPOINT WARNING * * *
You completely miss the orc warrior.
The orc warrior is heavily wounded.
The orc warrior hits you with a mace.
You die...

###...........)............(..)..
......###.......................#
.#..............................#
.#....###.......................#
.#....###.......................#
................................#
.#...........###.....###........#
.#.....##....# #.....# #........#
.....<.......###@....###........#
.#...#.##........o...............
.#...#.##........................
.#...#.##........._..............
...........##...........#.##.....
##...#.######...........#.##.....
##...#.#########.....####.#######
.............# #.....# #.# #.
.#..#........###.....####.# ##


You could see an orc warrior.

Vanquished Creatures
  Pikel (D:4)
  Sigmund (D:3)
  A hungry ghost (D:7)
  2 slaves (D:4)
  An orc warrior (D:7)
  A black bear (D:6)
  2 phantoms (D:7)
  An ogre (D:4)
  A big kobold (D:7)
  2 bullfrogs
  4 scorpions
  4 wights (D:6)
  A howler monkey (D:6)
  3 crimson imps
  A centaur zombie (D:3)
  A quasit (D:6)
  2 hounds
  A bullfrog skeleton (D:5)
  2 centaur skeletons
  Jessica (D:3)
  2 iguanas
  An orc wizard (D:7)
  A worker ant (D:6)
  A hound skeleton (D:6)
  A mummy (D:5)
  5 adders
  A shadow imp (D:6)
  An adder zombie (D:3)
  An adder skeleton (D:4)
  2 worms
  2 dart slugs
  3 leopard geckos
  20 orcs
  A ball python (D:7)
  9 bats
  6 giant cockroaches
  9 goblins
  8 hobgoblins
  4 jackals (D:6)
  3 quokkas
  5 frilled lizards
  16 kobolds
  A leopard gecko skeleton (D:4)
  7 rats
  A fungus (D:5)
144 creatures vanquished.

Vanquished Creatures (others)
  A fungus (D:5)
1 creature vanquished.

Grand Total: 145 creatures vanquished

Notes
Turn   | Place    | Note
-------+----------+-------------------------------------------
     0 | D:1      | galech the Ogre Fighter began the quest for the Orb.
     0 | D:1      | Reached XP level 1. HP: 24/24 MP: 1/1
   149 | D:1      | Reached XP level 2. HP: 19/32 MP: 2/2
   154 | D:1      | You fall through a shaft!
   823 | D:1      | Reached XP level 3. HP: 40/40 MP: 3/3
  1058 | D:2      | Found a white marble altar of Elyvilon.
  1252 | D:2      | Reached skill level 5 in Fighting
  1330 | D:2      | Found an opulent altar of Gozag.
  1412 | D:2      | Found a deep blue altar of Sif Muna.
  1665 | D:3      | Found a stormy altar of Qazlal.
  1668 | D:3      | Reached XP level 4. HP: 50/50 MP: 4/4
  1702 | D:3      | Noticed Jessica
  1706 | D:3      | Killed Jessica
  1905 | D:2      | Found a blossoming altar of Fedhas.
  2034 | D:3      | Noticed Sigmund
  2045 | D:3      | Killed Sigmund
  2045 | D:3      | Reached XP level 5. HP: 28/59 MP: 5/5
  2045 | D:3      | Reached XP level 6. HP: 31/67 MP: 6/6
  2127 | D:3      | Reached skill level 6 in Fighting
  2409 | D:3      | Found a shattered altar of Ashenzari.
  2409 | D:3      | Found a faded altar of an unknown god.
  2414 | D:3      | Found a faded altar of an unknown god.
  2416 | D:3      | Found a faded altar of an unknown god.
  2417 | D:3      | Found a faded altar of an unknown god.
  2674 | D:4      | Noticed a slave
  2675 | D:4      | Noticed a slave
  2677 | D:4      | Noticed Pikel
  2678 | D:4      | Noticed a slave
  2683 | D:4      | Noticed a slave
  3153 | D:4      | Killed a slave
  3161 | D:4      | Killed a slave
  3288 | D:4      | Found a glowing silver altar of Zin.
  3290 | D:4      | Found Zin's Purification Station.
  3512 | D:4      | Found a blossoming altar of Fedhas.
  3520 | D:4      | Reached XP level 7. HP: 71/76 MP: 7/7
  3945 | D:4      | Found a glowing golden altar of the Shining One.
  3986 | D:5      | Entered Level 5 of the Dungeon
  4035 | D:5      | Reached skill level 5 in Maces & Flails
  4222 | D:5      | Found a snail-covered altar of Cheibriados.
  4228 | D:5      | Found a basalt altar of Yredelemnul.
  4850 | D:5      | Reached skill level 7 in Fighting
  4972 | D:6      | Reached XP level 8. HP: 63/87 MP: 8/8
  5200 | D:6      | Reached skill level 5 in Dodging
  5200 | D:6      | Reached skill level 5 in Shields
  6162 | D:7      | Found a staircase to the Ecumenical Temple.
  6174 | Temple   | Entered the Ecumenical Temple
  6214 | Temple   | Became a worshipper of Warmaster Okawaru
  6492 | D:7      | Reached skill level 8 in Fighting
  7315 | D:7      | Reached * piety under Okawaru
  7478 | D:7      | Found a hazy altar of Hepliaklqana.
  7659 | D:7      | Reached XP level 9. HP: 62/97 MP: 6/9
  7944 | D:6      | Found a sacrificial altar of Ru.
  7944 | D:6      | Found a basalt altar of Yredelemnul.
  8389 | D:4      | Killed Pikel
  8389 | D:4      | Reached skill level 9 in Fighting
  8658 | D:6      | Reached ** piety under Okawaru
  8857 | D:5      | HP: 3/98 [orc warrior/mace (11)]
  8858 | D:5      | Slain by an orc warrior

Skill      XL: |  1  2  3  4  5  6  7  8  9 |
---------------+----------------------------+-----
Shields        | 3 4 5 6 |  6.4
Dodging        | 3 4 5 6 |  6.2
Maces & Flails | 3 4 5 7 8 |  8.1
Fighting       | 5 6 7 8 9 |  9.3

Action                   |  1- 3 |  4- 6 |  7- 9 || total
-------------------------+-------+-------+-------++-------
Melee: Flail             |    50 |       |       ||    50
       Mace              |    77 |   160 |   310 ||   547
Invok: Heroism           |       |       |     1 ||     1
  Use: Scroll            |       |     3 |     1 ||     4
 Stab: Sleeping          |     1 |       |       ||     1
  Eat: Chunk             |     2 |     7 |     9 ||    18
       Fruit             |       |       |     3 ||     3
       Meat ration       |       |       |     1 ||     1
       Bread ration      |       |       |     1 ||     1
       Beef jerky        |       |       |     1 ||     1
Armor: Robe              |    37 |    24 |    35 ||    96
Dodge: Dodged            |    42 |    37 |   118 ||   197
Block: Shield            |    58 |    65 |   182 ||   305
